 Dungeon Crawl Stone Soup version 0.28.0-53-g5a82cb258f (webtiles) character file.

Game seed: 15793538014121018782

8866 Vi517 the Purifying Gargoyle (level 11, -6/60 HPs)
             Began as a Gargoyle Fighter on June 21, 2022.
             Was a High Priest of Elyvilon.
             Mangled by a yak (9 damage)
             ... on level 11 of the Dungeon.
             The game lasted 00:43:38 (17195 turns).

Vi517 the Purifying Gargoyle (Gargoyle Fighter)    Turns: 17195, Time: 00:43:39

Health: -6/60      AC: 21    Str: 24    XL:     11   Next: 37%
Magic:  29/29      EV:  6    Int: 15    God:    Elyvilon [*****.]
Gold:   728        SH:  0    Dex:  9    Spells: 10/10 levels left

rFire   . . .      SeeInvis .   a - +0 dire flail
rCold   . . .      Faith    .   (shield currently unavailable)
rNeg    + + +      Spirit   .   t - +0 plate armour
rPois   ∞          Reflect  .   (no helmet)
rElec   +          Harm     .   m - +1 cloak {Will+}
rCorr   .          Rampage  .   (no gloves)
Will    ++...                   (no boots)
Stlth   ..........              l - amulet "Regivas" {RegenMP Contam rN++ Will+ MP+9}
HPRegen 0.20/turn               n - +6 ring of intelligence
MPRegen 0.61/turn               (no ring)

@: no status effects
A: sickness immunity, AC +8, negative energy resistance 1, electricity
resistance, torment resistance 1, petrification resistance
a: Renounce Religion, Purification, Heal Other, Heal Self, Divine Vigour


You were on level 11 of the Dungeon.
You worshipped Elyvilon.
Elyvilon was extremely pleased with you.
You visited 1 branch of the dungeon, and saw 11 of its levels.
You also visited: Ossuary.

You collected 728 gold pieces.

Inventory:

Hand Weapons
 a - a +0 dire flail (weapon)
Armour
 m - a +1 cloak of willpower (worn)
 t - a +0 plate armour (worn)
Jewellery
 l - the amulet "Regivas" (around neck) {RegenMP Contam rN++ Will+ MP+9}
   (You found it on level 7 of the Dungeon)

   [amulet of magic regeneration]

   It increases your rate of magic regeneration.
   rN:        It greatly protects you from negative energy.
   MP:        It affects your magic capacity (+9).
   Contam:    It causes magical contamination when unequipped.
   Will:      It increases your willpower.
 n - a +6 ring of intelligence (left hand)
 y - an amulet of faith
Wands
 s - a wand of iceblast (11)
 u - a wand of digging (5)
Scrolls
 b - a scroll of fog {unknown}
 c - a scroll of brand weapon {unknown}
 e - 7 scrolls of teleportation
 f - 2 scrolls of identify
 g - 2 scrolls of magic mapping
 h - 4 scrolls of fear
 p - 2 scrolls of enchant armour
 z - a scroll of blinking
 A - a scroll of enchant weapon
Potions
 d - a potion of berserk rage {unknown}
 i - a potion of lignification {unknown}
 j - 2 potions of flight
 k - 2 potions of curing
 o - a potion of ambrosia {unknown}
 q - 2 potions of haste
 r - 4 potions of resistance
 v - a potion of cancellation {unknown}
 w - 2 potions of heal wounds {unknown}
 x - 2 potions of attraction {unknown}


   Skills:
 - Level 3.3 Fighting
 + Level 12.6 Maces & Flails
 - Level 3.4 Armour
 - Level 3.3 Shields
 + Level 13.1 Invocations


You had 10 spell levels left.
You didn't know any spells.
Your spell library contained the following spells:

 Spells                   Type           Power      Damage    Failure   Level
 Portal Projectile        Hex/Tloc       0%         N/A       100%        3
 Cause Fear               Hex            0%         N/A       100%        4
 Blade Hands              Tmut           0%         N/A       100%        5
 Excruciating Wounds      Necr           0%         N/A       100%        5
 Conjure Ball Lightning   Conj/Air       0%         3x3d6     100%        6
 Dragon Form              Tmut           0%         N/A       100%        7
 Discord                  Hex            0%         N/A       100%        8
 Disjunction              Tloc           0%         N/A       100%        8
 Dragon's Call            Summ           0%         N/A       100%        9


Dungeon Overview and Level Annotations

Branches:
Dungeon (11/15)            Temple (0/1) D:7             Orc (0/2) D:10
Ossuary (visited)
   Lair: D:8-11

Altars:
Dithmenos
Elyvilon
Gozag
Wu Jian
The Shining One
Beogh

Annotations:
D:9 3 runed translucent doors, Gorgondantess's ghost, novice PaTm
D:11 exclusion: 2 oklob plants


Innate Abilities, Weirdness & Mutations

You are immune to sickness and miasma.
Your stone body is resilient. (AC +8)
You are immune to poison.
You resist negative energy. (rN+)
You are resistant to electric shocks. (rElec)
You are resistant to unholy torment.
You are immune to petrification.


Message History

The yak closely misses you.
You puncture the yak!
The yak is heavily wounded.
The yak gores you but does no damage. x2
You hit the yak.
The yak is heavily wounded.
The yak gores you but does no damage. x2
You puncture the yak!
You kill the yak!
The yak gores you but does no damage.
You hit the yak.
The yak is lightly wounded.
The yak gores you. The yak gores you!
* * * LOW HITPOINT WARNING * * *
You hit the yak.
The yak is lightly wounded.
The yak barely misses you. The yak gores you.
* * * LOW HITPOINT WARNING * * *
You barely miss the yak.
The yak is lightly wounded.
The yak gores you but does no damage.
You barely miss the yak.
The yak is lightly wounded.
The yak gores you!
* * * LOW HITPOINT WARNING * * *
You thump the yak!
The yak is heavily wounded.
The yak gores you but does no damage. The yak gores you.
* * * LOW HITPOINT WARNING * * *
You hit the yak.
The yak is severely wounded.
The yak gores you but does no damage.
You hit the yak but do no damage.
The yak is severely wounded.
The yak gores you! Elyvilon protects you from harm!
You barely miss the yak.
The yak is severely wounded.
The yak gores you!
You die...

..............(..
...#.####.######.
..#.## #.# ...##
##'## .### ##...##
.# ##.....## # ##
#.......## .## )
#.(.......####...##
..
+.........'Y@YY...#
.##
#.........####Y..##
##.......## .##
##.....## # ##...##
##+#


You could see 4 yaks.

Vanquished Creatures
  A gargoyle (D:9)
  A troll (D:8)
  Grinder (D:5)
  A hornet (D:6)
  Sigmund (D:2)
  7 yaks
  2 wyverns
  Eustachio (D:5)
  Grum (D:10)
  A steam dragon (D:5)
  Menkaure (D:7)
  3 water moccasins
  7 orc warriors
  An ice beast (D:7)
  A black bear (D:6)
  3 sky beasts
  4 ogres
  A necrophage (D:6)
  3 centaurs
  3 wolves (D:10)
  A kobold brigand (D:8)
  2 elf zombies (D:4)
  2 bullfrogs
  A gnoll sergeant (D:10)
  3 scorpions
  2 wyvern zombies
  A water moccasin zombie (D:7)
  A water moccasin skeleton (D:5)
  9 killer bees
  20 wights
  A howler monkey (D:6)
  An electric eel (D:8)
  2 bullfrog zombies
  4 centaur zombies
  A centaur skeleton (D:5)
  A hound (D:4)
  12 orc priests
  2 jellies
  A bullfrog skeleton (D:5)
  A gnoll shaman (D:10)
  3 iguanas
  Crazy Yiuf (D:2)
  Natasha (thrice) (D:2)
  2 human skeletons (D:4)
  14 orc wizards
  A mummy (D:4)
  A howler monkey zombie (D:10)
  9 gnolls (D:10)
  12 adders
  A shadow imp (D:8)
  2 ufetubi
  A worm (D:2)
  3 dart slugs
  53 orcs
  3 ball pythons
  7 bats
  10 endoplasms
  A giant cockroach (D:1)
  8 hobgoblins
  A quokka (D:3)
  2 frilled lizards
  10 goblins
  6 kobolds
  2 kobold zombies (Ossuary)
  An orc skeleton (D:4)
  2 orc zombies
  3 rats
274 creatures vanquished.

Notes
Turn   | Place    | Note
-------+----------+-------------------------------------------
     0 | D:1      | Vi517 the Gargoyle Fighter began the quest for the Orb.
     0 | D:1      | Reached XP level 1. HP: 14/14 MP: 1/1
   232 | D:1      | Reached XP level 2. HP: 15/19 MP: 2/2
   564 | D:1      | Found a faded altar of an unknown god.
   745 | D:1      | Prayed at the altar of an unknown god.
   745 | D:1      | Became a worshipper of Elyvilon the Healer
   745 | D:1      | Reached * piety under Elyvilon
   972 | D:2      | Reached XP level 3. HP: 22/23 MP: 3/3
  1007 | D:2      | Noticed Sigmund
  1046 | D:2      | Elyvilon protects you from harm!
  1358 | D:2      | Killed Sigmund
  1359 | D:2      | Reached skill level 3 in Invocations
  1359 | D:2      | Reached XP level 4. HP: 9/28 MP: 3/6
  1359 | D:2      | Reached XP level 5. HP: 10/32 MP: 3/7
  1692 | D:2      | Noticed Natasha
  1705 | D:2      | Killed Natasha
  1825 | D:2      | Found a runed translucent door.
  1826 | D:2      | Noticed Crazy Yiuf
  1832 | D:2      | Killed Crazy Yiuf
  1833 | D:2      | Reached XP level 6. HP: 28/37 MP: 8/8
  2115 | D:2      | Noticed Natasha
  2129 | D:2      | Killed Natasha
  2229 | D:2      | Noticed Natasha
  2446 | D:2      | Reached ** piety under Elyvilon
  2614 | D:3      | Reached skill level 5 in Maces & Flails
  2614 | D:3      | Reached skill level 4 in Invocations
  2793 | D:2      | Killed Natasha
  3761 | D:4      | Reached XP level 7. HP: 35/41 MP: 10/10
  3776 | D:4      | Reached *** piety under Elyvilon
  3805 | D:4      | Reached skill level 5 in Invocations
  3896 | D:4      | Found a sand-covered staircase.
  3957 | Ossuary  | Entered an ossuary
  4696 | D:4      | Found a glowing golden altar of the Shining One.
  5252 | D:4      | Reached skill level 6 in Invocations
  5540 | D:5      | Entered Level 5 of the Dungeon
  5558 | D:5      | Noticed Grinder
  5559 | D:5      | Paralysed by Grinder for 6 turns
  5633 | D:4      | Reached XP level 8. HP: 19/46 MP: 12/12
  5866 | D:5      | Paralysed by Grinder for 2 turns
  5895 | D:5      | Killed Grinder
  5904 | D:5      | Reached skill level 7 in Invocations
  6754 | D:5      | Reached **** piety under Elyvilon
  7125 | D:5      | Noticed Eustachio
  7167 | D:5      | Killed Eustachio
  7168 | D:5      | Reached skill level 8 in Invocations
  7168 | D:5      | Reached XP level 9. HP: 16/51 MP: 13/15
  8351 | D:6      | Reached skill level 9 in Invocations
  8366 | D:6      | Noticed a hornet
  8382 | D:6      | Killed a hornet
  8942 | D:6      | Reached ***** piety under Elyvilon
  8974 | D:6      | Reached skill level 10 in Invocations
  9306 | D:7      | Noticed Menkaure
  9326 | D:6      | Reached skill level 10 in Maces & Flails
  9611 | D:6      | Reached XP level 10. HP: 27/56 MP: 17/17
  9950 | D:7      | Killed Menkaure
  9962 | D:7      | Identified the amulet "Regivas" {RegenMP Contam rN++ Will+
                  | MP+9}
 10160 | D:7      | Found a staircase to the Ecumenical Temple.
 10563 | D:7      | Reached skill level 11 in Invocations
 11670 | D:7      | Found a shadowy altar of Dithmenos.
 11673 | D:7      | Found an ornate altar of the Wu Jian Council.
 11674 | D:7      | Found an opulent altar of Gozag.
 12136 | D:8      | Elyvilon protects you from harm!
 12487 | D:8      | Reached skill level 12 in Invocations
 12884 | D:9      | Noticed a gargoyle
 12894 | D:9      | Killed a gargoyle
 13347 | D:9      | Reached XP level 11. HP: 60/60 MP: 20/20
 13708 | D:9      | Elyvilon protects you from harm!
 13710 | D:9      | HP: 2/60 [killer bee (3)]
 14409 | D:9      | Found a runed translucent gate.
 14409 | D:9      | Identified the +10 plate armour of the Catfish {rCorr}
 14409 | D:9      | Noticed Gorgondantess's ghost (novice PaTm)
 14410 | D:9      | Found a runed translucent gate.
 14411 | D:9      | Found a runed translucent gate.
 14568 | D:9      | Found the -2 hat of the Alchemist {rElec rPois rF+ rC+ rN+
                  | Will+ rMut rCorr}
 14614 | D:10     | Entered Level 10 of the Dungeon
 14630 | D:10     | Found a staircase to the Orcish Mines.
 15766 | D:10     | Noticed Grum
 15790 | D:10     | Elyvilon protects you from harm!
 16085 | D:10     | Reached skill level 13 in Invocations
 16140 | D:10     | Killed Grum
 16502 | D:11     | Noticed an oklob plant
 16502 | D:11     | Noticed an oklob plant
 16540 | D:11     | Reached ****** piety under Elyvilon
 16684 | D:11     | Noticed a two-headed ogre
 16728 | D:11     | Elyvilon protects you from harm!
 16812 | D:10     | HP: 1/60 [two-headed ogre/+0 giant club (7)]
 17192 | D:11     | HP: 2/60 [yak (2)]
 17194 | D:11     | Elyvilon protects you from harm!
 17195 | D:11     | Mangled by a yak

Illustrated notes

Levels and vault maps discovered:
D:1:      scummos_arrival_hexagon, layout_basic, ebering_ecumenical_altar_rust,
          minmay_misc_feat_diagonals
D:2:      layout_basic, uniq_crazy_yiuf_cottage, uniq_sigmund, uniq_natasha
D:3:      layout_loops_corners, minmay_pentangle
D:4:      layout_basic, mainiacjoe_overflow_tiny_flanked,
          nicolae_ossuary_entry_catacombs
D:5:      layout_layer_cave, minmay_misc_feat_x, uniq_eustachio, uniq_grinder
D:6:      layout_basic
D:7:      layout_basic, minitemple, minmay_temple_entry_glass, serial_aquarium,
          aquarium_bridge_square [aquarium_subvault_bridge,
          aquarium_subvault_bridge, aquarium_subvault_wall,
          aquarium_subvault_wall], aquarium_bridge_long_joined
          [aquarium_subvault_bridge, aquarium_subvault_wall,
          aquarium_subvault_wall, aquarium_subvault_wall,
          aquarium_subvault_bridge, aquarium_subvault_wall], aquarium_window_2,
          aquarium_window_1, aquarium_window_corridor_2, aquarium_view_4,
          uniq_menkaure
D:8:      statuecave_lemuel, layout_gridville, amcnicky_mini_pool_medium
D:9:      layout_basic, biasface_ghost_orc_armoury
D:10:     layout_gridville, orc_0_dummy, uniq_grum
D:11:     layout_loops_corners, dpeg_oklobed_lair

Skill      XL: |  1  2  3  4  5  6  7  8  9 10 11 |
---------------+----------------------------------+-----
Maces & Flails | 3 4 5 6 8 10 11 12 | 12.6
Invocations    | 3 4 6 8 10 12 13 | 13.1
Fighting       | |  3.3
Armour         | |  3.4
Shields        | |  3.3

Action                   |  1- 3 |  4- 6 |  7- 9 | 10-12 || total
-------------------------+-------+-------+-------+-------++-------
Melee: Flail             |    85 |   151 |   372 |   283 ||   891
       Whip              |       |       |   210 |       ||   210
       Dire flail        |       |       |       |   318 ||   318
Invok: Purification      |     1 |       |       |       ||     1
       Heal Self         |       |       |     2 |     3 ||     5
       Divine Vigour     |       |       |       |     2 ||     2
  Use: Potion            |     2 |       |       |     6 ||     8
       Scroll            |       |     3 |     9 |     5 ||    17
Armor: Scale mail        |    28 |    62 |    60 |       ||   150
       Plate armour      |       |       |   347 |   654 ||  1001
Dodge: Dodged            |    28 |    67 |   160 |   241 ||   496
Block: Buckler           |     8 |    28 |    88 |    73 ||   197
